 Dungeon Crawl Stone Soup version 0.14-a0-226-gcf818b1 (webtiles) character file.

109 Leibowitz the Cutter (level 3, -3/17 (19) HPs)
             Began as a Kobold Berserker on Oct 11, 2013.
             Was a Believer of Trog.
             Slain by a gnoll
             ... wielding a +2,+2 spear
              (4 damage)
             ... on Level 2 of the Dungeon.
             The game lasted 00:06:11 (1567 turns).

Leibowitz the Cutter (Kobold Berserker)             Turns: 1567, Time: 00:06:12

HP  -3/17 (19)   AC  5     Str 16      XL: 3   Next: 75%
MP   2/2         EV 14     Int  5      God: Trog [**....]
Gold 68          SH  0     Dex 15      Spells:  0 memorised,  2 levels left

Res.Fire  : . . .   See Invis. : .   a - +0 short sword
Res.Cold  : + . .   Warding    : .   l - +0 leather armour
Life Prot.: . . .   Conserve   : .   (no shield)
Res.Poison: +       Res.Corr.  : .   (no helmet)
Res.Elec. : .       Clarity    : .   (no cloak)
Sust.Abil.: . .     Spirit.Shd : .   g - +1 pair of gauntlets
Res.Mut.  : .       Stasis     : .   (no boots)
Res.Rott. : .       Flight     : .   (no amulet)
Saprovore : + + .                    (no ring)
                                     (no ring)

@: not resistant to hostile enchantments, fairly stealthy
A: disease resistance, berserk 1, blink 1, carnivore 3, cold resistance 1, -20%
hp, poison resistance, saprovore 2, slow healing 1
a: Blink, Burn Spellbooks, Berserk, Trog's Hand, Renounce Religion


You were on level 2 of the Dungeon.
You worshipped Trog.
Trog was pleased with you.
You were not hungry.

You visited 1 branch of the dungeon, and saw 2 of its levels.

You collected 48 gold pieces.

Inventory:

Hand weapons
 a - a +0,+0 short sword (weapon)
Missiles
 j - 6 tomahawks (quivered)
Armour
 g - a +1 pair of gauntlets (worn)
 l - a +0 leather armour (worn)
Comestibles
 c - 2 meat rations
Scrolls
 b - a scroll of curse jewellery {unknown}
 d - 2 scrolls of remove curse {unknown}
 f - a scroll of curse weapon {unknown}
 i - 3 scrolls of identify {unknown}
 k - a scroll of fear {unknown}
 n - a scroll of blinking {unknown}
Potions
 e - a potion of curing
 h - a potion of might {unknown}


   Skills:
 * Level 3.9 Fighting
 + Level 4.2 Short Blades
 - Level 1.5 Armour
 * Level 3.2 Dodging
 * Level 1.9 Stealth


You had 2 spell levels left.
You didn't know any spells.

Dungeon Overview and Level Annotations

Branches:
Dungeon (2/27)

Altars:


Innate Abilities, Weirdness & Mutations

You recuperate from illness quickly.
You are small and have problems with some larger weapons.
You are carnivorous and can eat meat at any time.
You can eat rotten meat.
You tend to lose your temper in combat.
You can translocate small distances at will.
Your flesh is cold resistant.
You are very frail (-20% HP).
Your system is resistant to poisons.
You heal slowly.


Message History

The gnoll is moderately wounded.
The gnoll misses you.
You hit the gnoll.
The gnoll is heavily wounded.
You hit the gnoll.
The gnoll is heavily wounded.
The gnoll closely misses you.
You hit the gnoll.
The gnoll is severely wounded.
The gnoll hits you but does no damage.
You hit the gnoll but do no damage.
The gnoll is severely wounded.
The gnoll barely misses you.
You hit the gnoll.
The gnoll is almost dead.
You hit the gnoll but do no damage.
The gnoll is almost dead.
The gnoll closely misses you.
The gnoll hits you from afar with a spear.
You die...

#..............####.
#....#########......
#....##############.
#............ .....
#............ .....
#....###.#### #####
#...(# .. #...(# #.
#..@.# #...g# #..g.#
#."..# #....# ...###
#... #... .


You could see 2 gnolls.

Vanquished Creatures
  An adder (D:2)
  A giant cockroach (D:1)
  3 goblins
  5 hobgoblins
  2 jackals (D:2)
  5 bats
  A giant gecko (D:1)
  3 giant newts
  3 kobolds (D:1)
  8 rats
32 creatures vanquished.

Notes
Turn   | Place    | Note
--------------------------------------------------------------
     0 | D:1      | Leibowitz, the Kobold Berserker, began the quest for the Orb.
     0 | D:1      | Reached XP level 1. HP: 14/14 MP: 0/0
   429 | D:1      | Reached skill level 1 in Stealth
   429 | D:1      | Reached XP level 2. HP: 17/19 MP: 1/1
   804 | D:1      | Acquired Trog's second power
  1183 | D:2      | Reached XP level 3. HP: 18/24 MP: 2/2
  1207 | D:2      | Gained mutation: You tend to lose your temper in combat. [potion of mutation]
  1207 | D:2      | Gained mutation: You can translocate small distances at will. [potion of mutation]
  1207 | D:2      | Gained mutation: You are frail (-10% HP). [potion of mutation]
  1252 | D:2      | Gained mutation: You heal slowly. [potion of mutation]
  1252 | D:2      | Gained mutation: You are very frail (-20% HP). [potion of mutation]
  1348 | D:1      | Paralysed by a potion of paralysis for 6 turns
  1395 | D:1      | Gained mutation: Your flesh is cold resistant. [potion of mutation]
  1395 | D:1      | Gained mutation: Your system is resistant to poisons. [potion of mutation]
  1567 | D:2      | Slain by a gnoll

Action                   || total
-------------------------++-------
Melee: Short sword       ||   130
Invok: Berserk           ||     1
  Use: Potion            ||     5
 Stab: Sleeping          ||     1
